Map: 回聲 - 天梯版(虛空之遺)

Players

Jim

  • Race: Protoss Protoss
  • Spawn Location: 5:00

ShoWTimE - Winner!

  • Race: Protoss Protoss
  • Spawn Location: 11:00

Event: WESG 2016 Finals

VOD

Have the link to the VOD?

Description

Time

  • Played on: Jan. 13, 2017, 5:01 a.m.
  • Length: 6:19

All games in this series

Show
View Real Time Build Order
Export as new Build Order

Jim Protoss 

Build Orders:  

Get SALT Encoding   

  12  0:01  Probe (Chrono Boost)  
  13  0:11  Probe (Chrono Boost)  
  14  0:17  Pylon  
  14  0:22  Probe (Chrono Boost)  
  15  0:35  Probe (Chrono Boost)  
  16  0:36  Gateway  
  16  0:46  Probe (Chrono Boost)  
  16  0:47  Assimilator  
  17  0:50  Assimilator  
  17  0:56  Probe (Chrono Boost)  
  18  1:07  Probe (Chrono Boost), Gateway  
  19  1:17  Probe (Chrono Boost)  
  20  1:23  Cybernetics Core  
  20  1:28  Probe (Chrono Boost)  
  20  1:31  Pylon  
  21  1:38  Probe (Chrono Boost)  
  22  1:49  Probe (Chrono Boost)  
  23  1:59  Probe (Chrono Boost), Adept x2, Warp Gate  
  28  2:04  Pylon  
  28  2:10  Probe (Chrono Boost)  
  29  2:20  Probe (Chrono Boost)  
  30  2:25  Stargate  
  30  2:32  Mothership Core (Chrono Boost)  
  30  2:36  Adept  
  36  2:37  Adept  
  36  2:53  Pylon  
  36  2:55  Probe (Chrono Boost)  
  41  3:16  Void Ray  
  41  3:17  Probe (Chrono Boost)  
  40  3:32  Nexus  
  36  3:40  Gateway  
  36  3:47  Probe (Chrono Boost)  
  37  3:53  Void Ray  
  37  3:59  Pylon  
  41  4:06  Stalker  
  43  4:13  Stalker  
  45  4:30  Sentry  
  47  4:41  Gateway  
  47  4:42  Sentry  
  47  4:43  Adept  
  47  4:44  Gateway  
  49  4:53  Sentry  
  49  4:57  Pylon  
  51  5:04  Adept  
  51  5:05  Adept  
  55  5:15  Adept  
  57  5:23  Adept  
  57  5:25  Adept  
  61  5:33  Adept  
  63  5:42  Adept x3  
  57  5:58  Adept x2  
  57  6:11  Adept x2  
Show
View Real Time Build Order
Export as new Build Order

ShoWTimE Protoss - Winner!

Build Orders: Blink Stalkers 

Get SALT Encoding   

  12  0:00  Probe (Chrono Boost)  
  13  0:11  Probe (Chrono Boost)  
  14  0:17  Pylon  
  14  0:22  Probe (Chrono Boost)  
  16  0:35  Probe (Chrono Boost)  
  16  0:36  Gateway  
  16  0:42  Assimilator  
  16  0:46  Probe (Chrono Boost)  
  17  0:50  Assimilator  
  17  0:57  Probe (Chrono Boost)  
  18  1:03  Gateway  
  18  1:07  Probe (Chrono Boost)  
  19  1:18  Probe (Chrono Boost)  
  20  1:23  Cybernetics Core  
  20  1:28  Probe (Chrono Boost)  
  20  1:31  Pylon  
  21  1:39  Probe (Chrono Boost)  
  22  1:48  Warp Gate  
  22  1:49  Probe (Chrono Boost)  
  23  1:59  Stalker  
  23  2:00  Stalker  
  28  2:01  Probe (Chrono Boost)  
  28  2:15  Mothership Core (Chrono Boost)  
  30  2:16  Pylon  
  30  2:34  Stalker x2  
  34  2:38  Probe (Chrono Boost)  
  34  3:00  Nexus  
  34  3:04  Probe (Chrono Boost)  
  35  3:08  Sentry  
  37  3:19  Probe (Chrono Boost)  
  37  3:26  Twilight Council  
  36  3:31  Pylon  
  36  3:32  Probe (Chrono Boost)  
  37  3:44  Probe (Chrono Boost)  
  38  3:48  Robotics Facility  
  38  3:55  Blink  
  39  3:56  Probe (Chrono Boost)  
  39  3:58  Stalker  
  41  4:06  Probe (Chrono Boost)  
  42  4:12  Probe (Chrono Boost)  
  43  4:20  Probe (Chrono Boost)  
  43  4:21  Sentry  
  43  4:24  Probe (Chrono Boost)  
  47  4:28  Phoenix  
  48  4:32  Probe (Chrono Boost)  
  48  4:34  Probe (Chrono Boost)  
  48  4:42  Observer  
  48  4:44  Probe (Chrono Boost)  
  51  4:46  Probe (Chrono Boost)  
  51  4:50  Forge  
  51  4:53  Pylon  
  51  4:56  Probe (Chrono Boost)  
  51  4:58  Probe (Chrono Boost)  
  53  5:00  Sentry, Immortal  
  59  5:08  Gateway  
  61  5:14  Probe x2 (Chrono Boost)  
  61  5:16  Stalker  
  63  5:26  Gateway  
  63  5:28  Photon Cannon  
  63  5:34  Stalker  
  67  5:36  Probe x2 (Chrono Boost)  
  67  5:44  Adept  
  67  5:49  Probe (Chrono Boost)  
  70  5:51  Probe (Chrono Boost)  
  68  5:57  Adept  
  70  6:10  Stalker x2  
Tags
 
Add a new tag
Caveats
  • Supply blocks, unpowered buildings, or Contaminate may cause inaccurate times.
  • Supply counts are checked every 10 seconds.